 Dungeon Sprint DCSS version 0.30.1-9-gdf580d7c3d (webtiles) character file.

Game seed: 15294546040307991571

179 Heoruswealwe the Spear-Bearer (level 5, 0/52 HPs)
             Began as a Minotaur Fighter on Sept 28, 2023.
             Slain by a water moccasin (2 damage)
             ... in the Dungeon (Sprint IX: "|||||||||||||||||||||||||||||").
             The game lasted 00:01:10 (45 turns).

Heoruswealwe the Spear-Bearer (Minotaur Fighter)      Turns: 45, Time: 00:01:11

Health: 0/52       AC:  8    Str: 23    XL:     5   Next: 32%
Magic:  4/4        EV:  9    Int:  5    God:
Gold:   0          SH:  4    Dex:  9    Spells: 4/4 levels left

rFire   . . .        a - +0 trident
rCold   . . .        d - +0 buckler
rNeg    . . .        c - +0 scale mail
rPois   .            (helmet restricted)
rElec   .            (no cloak)
rCorr   .            (no gloves)
SInv    .            (no boots)
Will    .....        (no amulet) Stlth
                     (no ring)
HPRegen 0.28/turn    (no ring)
MPRegen 0.09/turn

%: no teleportation
@: lethally poisoned (0 -> -12)
A: horns 2, retaliatory headbutt
a: no special abilities


You were in the Dungeon.
You visited 1 branch

Inventory:

Hand Weapons
 a - a +0 trident (weapon)
Armour
 c - a +0 scale mail (worn)
 d - a +0 buckler (worn)
Scrolls
 j - a scroll of blinking
Potions
 b - a potion of might
 g - a potion of haste
 i - a potion of berserk rage


   Skills:
 + Level 7.5 Fighting
 * Level 9.6 Polearms
 + Level 7.5 Armour
 - Level 3.6 Shields


You had 4 spell levels left.
You didn't know any spells.
Your spell library was empty.

Dungeon Overview and Level Annotations

Branches:
Dungeon (1/1)

Altars:


Innate Abilities, Weirdness & Mutations

You have a pair of horns on your head.
You reflexively headbutt those who attack you in melee.


Message History

You barely miss the phantom.
The phantom is moderately damaged.
The phantom hits you.
* * * LOW HITPOINT WARNING * * *
You feel better. The phantom barely misses you. You furiously retaliate!
You headbutt the phantom. You puncture the phantom!
Your headbutt misses the phantom.
The phantom is severely damaged.
The phantom hits you.
* * * LOW HITPOINT WARNING * * *
You barely miss the phantom.
The phantom is severely damaged.
The phantom hits you.
* * * LOW HITPOINT WARNING * * *
You hit the phantom.
The phantom is almost destroyed.
The phantom hits you.
* * * LOW HITPOINT WARNING * * *
You barely miss the phantom. Your headbutt misses the phantom.
The phantom is almost destroyed.
You block the phantom's attack.
You miss the phantom.
The phantom is almost destroyed.
The phantom hits you but does no damage.
You closely miss the phantom. You headbutt the phantom.
You destroy the phantom!
Your Fighting skill increases to level 7!
Your Polearms skill increases to level 9!
Your Armour skill increases to level 7!
You have reached level 5!
You barely miss the water moccasin. The water moccasin bites you.
* * * LOW HITPOINT WARNING * * *
You are lethally poisoned!
The water moccasin poisons you!
You puncture the water moccasin!
The water moccasin is moderately wounded.
* * * LOW HITPOINT WARNING * * *
You feel very sick. The water moccasin barely misses you.
The water moccasin bites you.
You die...

▓+▓
▓.▓
▓.▓
▓.▓
▓.▓
▓s▓
▓S▓
▓@▓
▓.▓
▓.▓
▓.▓
▓†▓
▓)▓
▓.▓
▓!▓
▓.▓


You could see a water moccasin and a scorpion.

Vanquished Creatures
  An ogre (D)
  A phantom (D)
  An adder (D)
  A giant cockroach (D)
  A goblin (D)
  2 ball pythons (D)
  A frilled lizard (D)
8 creatures vanquished.

Notes
Turn   | Place    | Note
-------+----------+-------------------------------------------
     0 | D        | Heoruswealwe the Minotaur Fighter began the quest for the
                  | Orb.
     0 | D        | Reached XP level 1. HP: 19/19 MP: 0/0
     8 | D        | Reached skill level 3 in Polearms
    17 | D        | Noticed a scorpion
    17 | D        | Noticed a water moccasin
    17 | D        | Noticed a phantom
    17 | D        | Noticed an ogre
    25 | D        | Killed an ogre
    26 | D        | Reached skill level 7 in Polearms
    26 | D        | Reached XP level 2. HP: 11/30 MP: 1/1
    26 | D        | Reached XP level 3. HP: 13/37 MP: 2/2
    26 | D        | Reached XP level 4. HP: 16/44 MP: 3/3
    32 | D        | Reached skill level 8 in Polearms
    43 | D        | Killed a phantom
    44 | D        | Reached skill level 9 in Polearms
    44 | D        | Reached XP level 5. HP: 9/52 MP: 4/4
    45 | D        | HP: 2/52 [poisoned by a water moccasin]
    45 | D        | Slain by a water moccasin

Illustrated notes

Levels and vault maps discovered:
D:        linesprint [early_d, line_temple, items_1, d_10, items_2, lair_1,
          lair_end, items_3, orc_1, orc_end, items_4, d_15, swamp_1, shoals_1,
          snake_1, spider_1, d_20, vaults_1, items_5, swamp_end, shoals_end,
          snake_end, spider_end, vaults_end, d_27, items_6, zot_1, zot_end,
          crypt_end, forest_end, elf_end, slime_end, tomb_end, abyss_end,
          pan_hell_end]

Skill      XL: |  1  2  3  4 |
---------------+-------------+-----
Polearms       | 7 9 |  9.6
Fighting       | 6 7 |  7.5
Armour         | 6 7 |  7.5
Shields        | |  3.6

Action                     |  1- 3 |  4- 6 || total
---------------------------+-------+-------++-------
  Melee: Trident           |    13 |    19 ||    32
         Headbutt          |     4 |     1 ||     5
    Use: Potion            |     1 |     1 ||     2
 Armour: Scale mail        |     3 |     6 ||     9
  Dodge: Dodged            |     6 |     5 ||    11
  Block: Buckler           |     1 |     1 ||     2
